AoeStats
← MaxCaiimans

MegaRandom

509861363Analyzed
2v2 RM · 4d ago on Sep 28, 2026· 71m 1s· 4 players
Game mode
Random Map
Map size
Medium (4 player)
Population
200
Speed
Normal
Resources
Standard
Victory
Conquest
Starting age
Dark Age
Ending age
Imperial Age
RankedLock teamsTeams togetherTeam positionsShared explorationLock speedFull tech treeHidden civsTurbo modeCheats
Victory
Defeat
🇩🇪 Berbers · Germany
698
+16
🇻🇳 Slavs · Vietnam
631
+11
🇫🇷 Sicilians · France
527
-10
🇳🇱 Britons · Netherlands
526
-10
MaxCaiimans
5:21 Loom
13:19 Feudal Age
15:05 Horse Collar
15:12 Double-Bit Axe
15:21 Gold Mining
15:26 Stone Mining
17:17 Wheelbarrow
16:27 Town Watch
17:40 Fishing Lines
22:40 Castle Age
21:52 Arson
23:39 Elite Skirmisher
24:24 Husbandry
24:35 Bloodlines
23:51 Light Cavalry
24:40 Squires
24:01 Pikeman
26:36 Town Patrol
27:22 Fervor
28:08 Caravan
29:20 Ballistics
34:24 Hand Cart
36:43 Imperial Age
35:23 Gillnets
37:24 Cranequins
37:25 Heavy Mounted Crossbowman
37:28 Halberdier
38:16 Padded Archer Armor
38:06 Fletching
38:27 Forging
38:17 Scale Mail Armor
38:23 Scale Barding Armor
38:46 Conscription
44:40 Onager
47:07 Siege Onager
48:30 Elite Serjeant
54:37 Cavalier
bart_arend
1:12 Loom
11:56 Feudal Age
12:23 Fishing Lines
12:33 Double-Bit Axe
12:49 Gold Mining
14:04 Wheelbarrow
19:23 Castle Age
20:30 Hand Cart
20:10 Gillnets
19:46 Demolition Ship
20:48 Medium Warships
22:54 Town Watch
23:32 Bow Saw
26:46 Imperial Age
24:42 Ballistics
24:56 Fletching
25:06 Padded Archer Armor
25:08 Scale Mail Armor
25:18 Forging
27:38 Stone Mining
29:07 Horse Collar
31:12 Squires
30:33 Pikeman
31:12 Pikeman
34:43 Heavy Warships
38:00 Chemistry
36:57 Murder Holes
36:43 Treadmill Crane
38:14 Masonry
Katz
10:40 Feudal Age
12:02 Wheelbarrow
10:55 Man-at-Arms
13:35 Loom
17:29 Double-Bit Axe
18:55 Horse Collar
22:06 Castle Age
23:24 Bow Saw
24:15 Gold Mining
24:17 Stone Mining
31:33 Fervor
33:22 Ballistics
32:53 Guard Tower
38:24 Imperial Age
37:48 Siphons
38:06 Long Swordsman
41:00 Chemistry
44:20 Stone Shaft Mining
44:21 Gold Shaft Mining
46:38 Cavalier
48:01 Two-Handed Swordsman
49:30 Arrowslits
68:45 Scale Barding Armor
Dragon D. Barola
9:23 Loom
11:10 Feudal Age
12:33 Fishing Lines
12:49 Double-Bit Axe
13:20 Gold Mining
13:28 Stone Mining
13:19 Man-at-Arms
19:25 Town Watch
23:35 Castle Age
25:24 Medium Warships
29:32 Bow Saw
31:36 Wheelbarrow
31:10 Town Patrol
33:00 Long Swordsman
34:19 Hand Cart
34:26 Hand Cart
35:01 Gold Shaft Mining
35:56 Gillnets
37:39 Crossbowman
37:41 Pikeman
38:22 Squires
38:53 Caravan
40:06 Light Cavalry
40:57 Bloodlines
40:47 Husbandry
41:06 Forging
40:56 Scale Mail Armor
41:02 Scale Barding Armor
40:48 Fletching
40:58 Padded Archer Armor
43:43 Redemption
45:45 Elite Skirmisher
49:39 Imperial Age
47:54 Fortified Wall
51:32 Chemistry
50:26 Guard Tower
50:44 Siege Engineers
50:08 Heavy Scorpion
51:23 Cavalier
51:24 Hussar
52:46 Halberdier
52:47 Two-Handed Swordsman
54:18 Iron Casting
53:58 Chain Mail Armor
54:04 Chain Barding Armor
53:39 Bodkin Arrow
53:59 Leather Archer Armor
55:06 Two-Man Saw
53:41 Elite Boyar
54:59 Hoardings
54:44 Conscription
54:39 Masonry
58:33 Onager
59:41 Ballistics
69:31 Detinets
69:34 Druzhina
70:38 Blast Furnace
70:13 Plate Mail Armor
70:18 Plate Barding Armor
70:14 Ring Archer Armor
70:00 Clinker Construction
70:01 Careening
Connection lost

Rejoining the realm…

Still unreachable

The connection could not be restored.

Session expired

The server has moved on; the page needs a fresh start.